 Dungeon Crawl Stone Soup version 0.30.1-3-gfc49f6343a (webtiles) character file.

Game seed: 7493383202922426803

113 CaptainMV the Sneak (level 4, -2/24 (32) HPs)
             Began as a Demonspawn Wanderer on July 21, 2023.
             Killed by divine providence
             ... invoked by an orc priest
              (11 damage)
             ... on level 3 of the Dungeon.
             The game lasted 00:12:09 (1461 turns).

CaptainMV the Sneak (Demonspawn Wanderer)           Turns: 1461, Time: 00:12:12

HP:   -2/24 (32)    AC:  2    Str: 11    XL:     4   Next: 65%
MP:   5/5           EV: 11    Int: 15    God:
Gold: 127           SH:  4    Dex: 14    Spells: 3/5 levels left

rFire   . . .        a - +2 dagger
rCold   . . .        (no shield)
rNeg    . . .        e - +0 robe
rPois   .            (no helmet)
rElec   .            h - scarf {shadows}
rCorr   .            (no gloves)
SInv    +            (no boots)
Will    .....        (no amulet)
Stlth   ++           i - ring of see invisible
HPRegen 0.24/turn    (no ring)
MPRegen 0.09/turn

%: no passive effects
@: silenced, very heavily drained
A: large bone plates 1, spiny 1
a: no special abilities


You were on level 3 of the Dungeon.
You visited 1 branch of the dungeon, and saw 3 of its levels.

You collected 127 gold pieces.

Inventory:

Hand Weapons
 a - a +2 dagger (weapon)
Missiles
 m - a throwing net
Armour
 e - a +0 robe (worn)
 h - a scarf of shadows (worn)
Magical Staves
 b - a staff of death
Jewellery
 i - a ring of see invisible (left hand)
Scrolls
 d - a scroll of teleportation
 g - a scroll of magic mapping
 o - a scroll of identify
Potions
 f - 2 potions of curing {unknown}
 j - 2 potions of heal wounds
 k - 2 potions of resistance
 l - a potion of magic {unknown}
 n - 2 potions of mutation {unknown}
 p - a potion of ambrosia {unknown}
 q - 3 potions of haste
Miscellaneous
 c - a piece from Xom's chessboard (15/15) (quivered)


   Skills:
 + Level 1.1 Fighting
 + Level 1.1 Short Blades
 + Level 0.4 Dodging
 + Level 4.1 Stealth
 + Level 1.1 Spellcasting
 + Level 1.0 Conjurations
 + Level 2.6 Invocations
 + Level 3.5 Evocations


You had 3 spell levels left.
You knew the following spells:

 Your Spells              Type           Power      Damage    Failure   Level
a - Static Discharge      Conj/Air       4%         2-3/arc   28%         2

Your spell library contained the following spells:

 Spells                   Type           Power      Damage    Failure   Level
 Slow                     Hex            0%         N/A       24%         1
 Summon Small Mammal      Summ           0%         N/A       24%         1
 Searing Ray              Conj           8%         2d4       24%         2
 Call Canine Familiar     Summ           0%         N/A       58%         3
 Confusing Touch          Hex            0%         N/A       58%         3
 Summon Guardian Golem    Hex/Summ       0%         N/A       58%         3
 Vampiric Draining        Necr           0%         2d6       58%         3


Dungeon Overview and Level Annotations

Branches:
Dungeon (3/15)

Altars:
Fedhas

Shops:
D:3 (


Innate Abilities, Weirdness & Mutations

You are partially covered in large bone plates. (SH +4)
You are partially covered in sharp spines.


Message History

You see here a ball python corpse.
You hit the orc wizard.
The orc wizard is lightly wounded.
You closely miss the orc wizard.
The orc wizard is lightly wounded.
The orc wizard is struck by your spines.
The orc wizard hits you but does no damage.
You feel drained. The orc wizard closely misses you.
The orc wizard attacks as you move away!
The orc wizard hits you with a +2 dagger of draining.
You feel drained.
You completely miss the orc wizard.
The orc wizard is moderately wounded.
The orc wizard hits you with a +2 dagger of draining.
You feel drained.
You hit the orc wizard but do no damage.
The orc wizard is moderately wounded.
You block the orc wizard's attack.
You hit the orc wizard but do no damage.
The orc wizard is moderately wounded.
An orc comes into view. It is wielding a +0 trident.
The orc wizard hits you with a +2 dagger of draining.
You feel drained.
You barely miss the orc wizard.
The orc wizard is moderately wounded.
You hit the orc but do no damage. You hit the orc.
You kill the orc!
You hit the orc wizard.
The orc wizard is moderately wounded.
You block the orc wizard's attack.
You closely miss the orc wizard.
The orc wizard is moderately wounded.
The orc barely misses you.
The orc wizard hits you with a +2 dagger of draining.
You feel drained.
The orc priest invokes the aid of Beogh against you.
Beogh smites you!
You die...

#..# #.# #..# #.# ###
##..###.#####.. *
######....>........# *
#........###)####..# * ******
#.#**#.#...)........ * *,,,,**
#.# #.#......###..#
****,*,,.#####o####.#..##.......#
*,,,,,*......oo@...>........#.##
**,*,*,,.#####.######..##........
,,,,,**,** #..# #..##..#.#...
,,,****,* #.## #..##..#.#.## ****
*,****#.***####..##..#.#.#* *
*,,,,,..,,,..............., *
*****##.****#####.#..###.## * #.*
#.#.......# *
#.***####*#.#..###..#


You could see an orc priest, an orc wizard and an orc.

Vanquished Creatures
  An orc priest (D:3)
  3 adders (D:2)
  A worm (D:2)
  2 dart slugs (D:2)
  3 orcs (D:3)
  2 endoplasms (D:1)
  2 giant cockroaches (D:1)
  6 goblins
  5 hobgoblins
  2 jackals (D:2)
  3 kobolds
  8 ball pythons
  3 bats
  3 frilled lizards
  4 rats
48 creatures vanquished.

Notes
Turn   | Place    | Note
-------+----------+-------------------------------------------
     0 | D:1      | CaptainMV the Demonspawn Wanderer began the quest for the
                  | Orb.
     0 | D:1      | CaptainMV set off with the following items: a +2 dagger, a
                  | potion of haste, a piece from Xom's chessboard (15/15), a
                  | scroll of teleportation, a +0 robe; and the following
                  | spells available to memorise: Searing Ray, Static
                  | Discharge.
     0 | D:1      | Reached XP level 1. HP: 13/13 MP: 2/2
   224 | D:1      | Gained mutation: You are partially covered in sharp spines.
                  | [demonic ancestry]
   224 | D:1      | Reached XP level 2. HP: 19/19 MP: 3/3
   227 | D:1      | Learned a level 2 spell: Static Discharge
   268 | D:1      | Reached skill level 3 in Stealth
   715 | D:2      | Reached XP level 3. HP: 25/25 MP: 4/4
  1023 | D:2      | Gained mutation: You are partially covered in large bone
                  | plates. (SH +4) [demonic ancestry]
  1023 | D:2      | Reached XP level 4. HP: 31/31 MP: 5/5
  1090 | D:2      | Reached skill level 1 in Fighting
  1167 | D:2      | Found a blossoming altar of Fedhas.
  1335 | D:3      | Found Rotaneex's Antique Weapon Boutique.
  1421 | D:3      | Reached skill level 1 in Short Blades
  1421 | D:3      | Reached skill level 4 in Stealth
  1461 | D:3      | Killed from afar by an orc priest

Illustrated notes

Levels and vault maps discovered:
D:1:      giann_bridges, layout_loops_ring, kennysheep_pointless_box
D:2:      layout_loops_ring, basic_altar
D:3:      layout_loops_ring, serial_shops, nicolae_shop_overgrown_old_shop

Skill      XL: |  1  2  3  4 |
---------------+-------------+-----
Stealth        | 3 4 |  4.1
Fighting       | 1 |  1.1
Short Blades   | 1 |  1.1
Dodging        | |  0.4
Spellcasting   | |  1.1
Conjurations   | |  1.0
Invocations    | |  2.6
Evocations     | |  3.5

Action                     |  1- 3 |  4- 6 || total
---------------------------+-------+-------++-------
  Melee: Dagger            |    68 |    27 ||    95
   Cast: Static Discharge  |     1 |     3 ||     4
    Use: Scroll            |       |     4 ||     4
   Stab: Sleeping          |    11 |     1 ||    12
 Armour: Robe              |    10 |     5 ||    15
  Dodge: Dodged            |    26 |     8 ||    34
  Block: Other             |       |     6 ||     6
